| TOP OF THE 1ST |
|
University of Oklahoma Sooners batting - Pitching for Mississippi State University Bulldogs : RHP Ruben Mendoza
|
|
Pitching: RHP Ruben Mendoza
|
|
|
Batting: SHB Jim Unknown
|
0-0: Ground out 6-3 (Groundball, 6, EV 86.9 MPH)
|
|
Batting: RHB Jim Unknown
|
0-0: Ball 1-0: Ball 2-0: Swinging Strike 2-1: Ball 3-1: Swinging Strike 3-2: Fly out, F7 (Line Drive, 7, EV 85.0 MPH)
|
|
Batting: LHB Jim Unknown
|
0-0: Ball 1-0: Ball 2-0: Foul Ball, location: 2F 2-1: Fly out, F9 (Flyball, 9, EV 84.4 MPH)
|
| Top of the 1st over - 0 runs, 0 hits, 0 errors, 0 left on base; University of Oklahoma 0 - Mississippi State University 0 |
| BOTTOM OF THE 1ST |
|
Mississippi State University Bulldogs batting - Pitching for University of Oklahoma Sooners : RHP Jim Unknown
|
|
Pitching: RHP Jim Unknown
|
|
|
Batting: SHB Jim Unknown
|
0-0: Foul Ball, location: 2F 0-1: Ball 1-1: Ground out 3-1 (Groundball, 34S, EV 89.4 MPH)
|
|
Batting: RHB Miguel Huezo
|
0-0: Fly out, F7 (Flyball, 7, EV 81.2 MPH)
|
|
Batting: RHB Benjamin Alderdice
|
0-0: Ball 1-0: Ball 2-0: Ball 3-0: Base on Balls
|
|
Batting: RHB Alexis Gallegos
|
0-0: Ball 1-0: Foul Ball, location: 2F 1-1: Fielders Choice at 2nd, 6-4 (Groundball, 6, EV 84.4 MPH)
|
| Bottom of the 1st over - 0 runs, 0 hits, 0 errors, 1 left on base; University of Oklahoma 0 - Mississippi State University 0 |
| TOP OF THE 2ND |
|
University of Oklahoma Sooners batting - Pitching for Mississippi State University Bulldogs : RHP Ruben Mendoza
|
|
Batting: RHB Jim Unknown
|
0-0: Called Strike 0-1: Foul Ball, location: 2F 0-2: Ball 1-2: Strikes out swinging
|
|
Batting: RHB Jim Unknown
|
0-0: Swinging Strike 0-1: Ground out 5-3 (Groundball, 5, EV 88.8 MPH)
|
|
Batting: LHB Jim Unknown
|
0-0: Foul Ball, location: 2F 0-1: SINGLE (Groundball, 4, EV 96.2 MPH)
|
|
Batting: RHB Jim Unknown
|
0-0: Ball 1-0: Swinging Strike 1-1: Ball 2-1: Ball 3-1: Base on Balls Jim Unknown to second
|
|
Pitching: RHP Joey Ferguson
|
|
|
Batting: RHB Jim Unknown
|
0-0: Called Strike 0-1: Fielders Choice at 2nd, 6-4 (Groundball, 56, EV 98.8 MPH)
|
| Top of the 2nd over - 0 runs, 1 hit, 0 errors, 2 left on base; University of Oklahoma 0 - Mississippi State University 0 |
| BOTTOM OF THE 2ND |
|
Mississippi State University Bulldogs batting - Pitching for University of Oklahoma Sooners : RHP Jim Unknown
|
|
Batting: RHB Hector Esqueda
|
0-0: Foul Ball, location: 2F 0-1: Foul Ball, location: 2F 0-2: Ball 1-2: Ground out 6-3 (Groundball, 6S, EV 78.1 MPH)
|
|
Batting: RHB Jason Rhodes
|
0-0: Foul Ball, location: 2F 0-1: Swinging Strike 0-2: Strikes out swinging
|
|
Batting: RHB Chris Everett
|
0-0: Ball 1-0: Ball 2-0: Ball 3-0: Base on Balls
|
|
Batting: RHB Josh Stene
|
0-0: Called Strike 0-1: Ball 1-1: Called Strike 1-2: Ball 2-2: Ball Wild Pitch! Chris Everett to second 3-2: Foul Ball, location: 2F 3-2: Foul Ball, location: 2F 3-2: Foul Ball, location: 2F 3-2: Base on Balls
|
|
Batting: RHB Jim Unknown
|
0-0: Called Strike 0-1: Swinging Strike 0-2: Ball 1-2: Ball 2-2: Strikes out looking
|
| Bottom of the 2nd over - 0 runs, 0 hits, 0 errors, 2 left on base; University of Oklahoma 0 - Mississippi State University 0 |
| TOP OF THE 3RD |
|
University of Oklahoma Sooners batting - Pitching for Mississippi State University Bulldogs : RHP Joey Ferguson
|
|
Batting: LHB Jim Unknown
|
0-0: Ball 1-0: Called Strike 1-1: Ball 2-1: Fly out, F9 (Flyball, 9S, EV 88.1 MPH)
|
|
Batting: SHB Jim Unknown
|
0-0: Swinging Strike 0-1: SINGLE (Groundball, 5L, EV 98.8 MPH)
|
|
Batting: RHB Jim Unknown
|
0-0: Ball 1-0: Ball 2-0: Called Strike 2-1: Ball 3-1: Called Strike 3-2: Ground out 6-3 (Groundball, 6, EV 104.4 MPH) Jim Unknown to second
|
|
Batting: LHB Jim Unknown
|
0-0: Called Strike 0-1: Ball 1-1: Ball 2-1: Foul Ball, location: 2F 2-2: Foul Ball, location: 2F 2-2: Foul Ball, location: 2F 2-2: Foul Ball, location: 2F 2-2: Ball 3-2: Fly out, F2 (Popup, 2RF, EV 88.1 MPH)
|
| Top of the 3rd over - 0 runs, 1 hit, 0 errors, 1 left on base; University of Oklahoma 0 - Mississippi State University 0 |
| BOTTOM OF THE 3RD |
|
Mississippi State University Bulldogs batting - Pitching for University of Oklahoma Sooners : RHP Jim Unknown
|
|
Batting: SHB Jim Unknown
|
0-0: Called Strike 0-1: Swinging Strike 0-2: Ball 1-2: Ball 2-2: Ball 3-2: Strikes out swinging
|
|
Batting: RHB Miguel Huezo
|
0-0: Ground out 1-3 (Groundball, 13S, EV 65.6 MPH)
|
|
Batting: RHB Benjamin Alderdice
|
0-0: Ball 1-0: Swinging Strike 1-1: Ball 2-1: Swinging Strike 2-2: SOLO HOME RUN (Flyball, 78XD, EV 111.2 MPH), Distance : 442 ft
|
|
Batting: RHB Alexis Gallegos
|
0-0: Called Strike 0-1: Ball 1-1: Ball 2-1: Swinging Strike 2-2: Foul Ball, location: 2F 2-2: Ball 3-2: Foul Ball, location: 2F 3-2: Foul Ball, location: 2F 3-2: Strikes out swinging
|
| Bottom of the 3rd over - 1 run, 1 hit, 0 errors, 0 left on base; University of Oklahoma 0 - Mississippi State University 1 |
| TOP OF THE 4TH |
|
University of Oklahoma Sooners batting - Pitching for Mississippi State University Bulldogs : RHP Joey Ferguson
|
|
Batting: RHB Jim Unknown
|
0-0: Ball 1-0: Foul Ball, location: 2F 1-1: Foul Ball, location: 2F 1-2: Ball 2-2: Ground out 6-3 (Groundball, 6, EV 87.5 MPH)
|
|
Batting: RHB Jim Unknown
|
0-0: Ball 1-0: Fly out, F8 (Flyball, 8LS, EV 78.1 MPH)
|
|
Pitching: RHP Chris P. Shephard
|
|
|
Batting: LHB Jim Unknown
|
0-0: Ball 1-0: Called Strike 1-1: Foul Ball, location: 2F 1-2: Foul Ball, location: 2F 1-2: Ground out 4-3 (Groundball, 4, EV 100.0 MPH)
|
| Top of the 4th over - 0 runs, 0 hits, 0 errors, 0 left on base; University of Oklahoma 0 - Mississippi State University 1 |
| BOTTOM OF THE 4TH |
|
Mississippi State University Bulldogs batting - Pitching for University of Oklahoma Sooners : RHP Jim Unknown
|
|
Batting: RHB Hector Esqueda
|
0-0: Fly out, F7 (Flyball, 78M, EV 84.4 MPH)
|
|
Batting: RHB Jason Rhodes
|
0-0: Called Strike 0-1: Ground out 6-3 (Groundball, 6, EV 76.9 MPH)
|
|
Batting: RHB Chris Everett
|
0-0: Called Strike 0-1: Ball 1-1: Foul Ball, location: 2F 1-2: Ball 2-2: Foul Ball, location: 2F 2-2: Ball 3-2: Base on Balls
|
|
Batting: RHB Josh Stene
|
0-0: Foul Ball, location: 2F 0-1: Reached on error, E6 (Groundball, 6, EV 78.8 MPH) Chris Everett to second
|
|
Batting: RHB Jim Unknown
|
0-0: Ball 1-0: Foul Ball, location: 2F 1-1: Ground out 5-3 (Groundball, 56S, EV 74.4 MPH)
|
| Bottom of the 4th over - 0 runs, 0 hits, 1 error, 2 left on base; University of Oklahoma 0 - Mississippi State University 1 |
| TOP OF THE 5TH |
|
University of Oklahoma Sooners batting - Pitching for Mississippi State University Bulldogs : RHP Chris P. Shephard
|
|
Batting: RHB Jim Unknown
|
0-0: Ball 1-0: Swinging Strike 1-1: Swinging Strike 1-2: Strikes out swinging
|
|
Batting: RHB Jim Unknown
|
0-0: Foul Ball, location: 2F 0-1: Ball 1-1: Called Strike 1-2: Ball 2-2: Foul Ball, location: 2F 2-2: Ground out 6-3 (Groundball, 6, EV 101.2 MPH)
|
|
Batting: LHB Jim Unknown
|
0-0: Called Strike 0-1: Ground out U3 (Groundball, 3, EV 80.6 MPH)
|
| Top of the 5th over - 0 runs, 0 hits, 0 errors, 0 left on base; University of Oklahoma 0 - Mississippi State University 1 |
| BOTTOM OF THE 5TH |
|
Mississippi State University Bulldogs batting - Pitching for University of Oklahoma Sooners : RHP Jim Unknown
|
|
Pitching: LHP Jim Unknown
|
|
|
Batting: SHB Jim Unknown
|
0-0: Fly out, F8 (Flyball, 8RD, EV 93.1 MPH)
|
|
Batting: RHB Miguel Huezo
|
0-0: Ball 1-0: Ground out 4-3 (Groundball, 4M, EV 106.2 MPH)
|
|
Batting: RHB Benjamin Alderdice
|
0-0: Ball 1-0: Called Strike 1-1: Ground out 6-3 (Groundball, 6, EV 85.6 MPH)
|
| Bottom of the 5th over - 0 runs, 0 hits, 0 errors, 0 left on base; University of Oklahoma 0 - Mississippi State University 1 |
| TOP OF THE 6TH |
|
University of Oklahoma Sooners batting - Pitching for Mississippi State University Bulldogs : RHP Chris P. Shephard
|
|
Batting: SHB Jim Unknown
|
0-0: Foul Ball, location: 2F 0-1: Ball 1-1: Foul Ball, location: 2F 1-2: Ball 2-2: Ball 3-2: Ground out 6-3 (Groundball, 4M, EV 84.4 MPH)
|
|
Batting: RHB Jim Unknown
|
0-0: Called Strike 0-1: Called Strike 0-2: Ball 1-2: Strikes out looking
|
|
Batting: LHB Jim Unknown
|
0-0: Foul Ball, location: 2F 0-1: Called Strike 0-2: Foul Ball, location: 2F 0-2: Strikes out looking
|
| Top of the 6th over - 0 runs, 0 hits, 0 errors, 0 left on base; University of Oklahoma 0 - Mississippi State University 1 |
| BOTTOM OF THE 6TH |
|
Mississippi State University Bulldogs batting - Pitching for University of Oklahoma Sooners : LHP Jim Unknown
|
|
Batting: RHB Alexis Gallegos
|
0-0: Called Strike 0-1: Ground out 5-3 (Groundball, 56, EV 96.2 MPH)
|
|
Batting: RHB Hector Esqueda
|
0-0: Ball 1-0: SINGLE (Flyball, 8RS, EV 95.6 MPH)
|
|
Batting: RHB Jason Rhodes
|
0-0: Ball 1-0: Called Strike 1-1: SINGLE (Groundball, 13S, EV 63.8 MPH) (infield hit) Hector Esqueda to second
|
|
Batting: RHB Chris Everett
|
0-0: Ball 1-0: Swinging Strike 1-1: Ball 2-1: Swinging Strike 2-2: Ball 3-2: Strikes out looking Jason Rhodes steals 2nd, throwing error, E2 Hector Esqueda scores Jason Rhodes to third
|
|
Batting: RHB Josh Stene
|
0-0: Called Strike 0-1: Ball 1-1: DOUBLE (Line Drive, 5D, EV 100.0 MPH) Jason Rhodes scores
|
|
Batting: RHB Jim Unknown
|
0-0: Ball 1-0: Ball 2-0: Ball 3-0: Called Strike 3-1: Ground out U3 (Groundball, 34S, EV 66.2 MPH)
|
| Bottom of the 6th over - 2 runs, 3 hits, 1 error, 1 left on base; University of Oklahoma 0 - Mississippi State University 3 |
| TOP OF THE 7TH |
|
University of Oklahoma Sooners batting - Pitching for Mississippi State University Bulldogs : RHP Chris P. Shephard
|
|
Pitching: RHP Ricky Mendoza
|
|
|
Batting: RHB Jim Unknown
|
0-0: Ball 1-0: Ball 2-0: Called Strike 2-1: Ball 3-1: Swinging Strike 3-2: Foul Ball, location: 2F 3-2: Strikes out looking
|
|
Batting: RHB Jim Unknown
|
0-0: Foul Ball, location: 2F 0-1: Swinging Strike 0-2: Ball 1-2: Ball 2-2: Foul Ball, location: 2F 2-2: Strikes out swinging passed ball, reaches first!
|
|
Batting: LHB Jim Unknown
|
0-0: Called Strike Jim Unknown steals 2nd base 0-1: Ball 1-1: Foul Ball, location: 2F 1-2: SINGLE (Flyball, 7S, EV 88.8 MPH) Jim Unknown to third
|
|
Batting: RHB Jim Unknown
|
0-0: Ball 1-0: Ball 2-0: Ball Jim Unknown steals 2nd base 3-0: Called Strike 3-1: Called Strike 3-2: Fly out, F4 (Flyball, 34D, EV 90.0 MPH)
|
|
Batting: RHB Jim Unknown
|
0-0: Swinging Strike 0-1: Foul Ball, location: 2F 0-2: Ground out 4-3 (Groundball, 4M, EV 88.1 MPH)
|
| Top of the 7th over - 0 runs, 1 hit, 0 errors, 2 left on base; University of Oklahoma 0 - Mississippi State University 3 |
| BOTTOM OF THE 7TH |
|
Mississippi State University Bulldogs batting - Pitching for University of Oklahoma Sooners : LHP Jim Unknown
|
|
Batting: SHB Jim Unknown
|
0-0: Called Strike 0-1: Foul Ball, location: 2F 0-2: Strikes out looking
|
|
Pinch Hitting: RHB Bin-ying Wang
|
0-0: Ground out 6-3 (Groundball, 6, EV 91.9 MPH)
|
|
Batting: RHB Benjamin Alderdice
|
0-0: Ball 1-0: Ball 2-0: Ball 3-0: Called Strike 3-1: Swinging Strike 3-2: Strikes out swinging
|
| Bottom of the 7th over - 0 runs, 0 hits, 0 errors, 0 left on base; University of Oklahoma 0 - Mississippi State University 3 |
| TOP OF THE 8TH |
|
University of Oklahoma Sooners batting - Pitching for Mississippi State University Bulldogs : RHP Ricky Mendoza
|
|
Pitching: LHP Jim Unknown
|
|
|
Now at 2B: Bin-ying Wang
|
|
|
Batting: LHB Jim Unknown
|
0-0: Foul Ball, location: 2F 0-1: Fly out, F8 (Flyball, 8RM, EV 80.6 MPH)
|
|
Batting: SHB Jim Unknown
|
0-0: Ball 1-0: Called Strike 1-1: Ball 2-1: Ball 3-1: Base on Balls
|
|
Batting: RHB Jim Unknown
|
0-0: Fielders Choice at 2nd, 5-4 (Groundball, 56, EV 111.2 MPH)
|
|
Batting: LHB Jim Unknown
|
0-0: Ball 1-0: Ball 2-0: Foul Ball, location: 2F 2-1: Foul Ball, location: 2F 2-2: Foul Ball, location: 2F 2-2: Foul Ball, location: 2F 2-2: Foul Ball, location: 2F 2-2: SINGLE (Groundball, 4M, EV 106.2 MPH) (infield hit) Jim Unknown to second
|
|
Batting: RHB Jim Unknown
|
0-0: Ball 1-0: Ball 2-0: Foul Ball, location: 2F 2-1: Ball 3-1: Swinging Strike 3-2: Ground out 5-3 (Groundball, 5L, EV 88.1 MPH)
|
| Top of the 8th over - 0 runs, 1 hit, 0 errors, 2 left on base; University of Oklahoma 0 - Mississippi State University 3 |
| BOTTOM OF THE 8TH |
|
Mississippi State University Bulldogs batting - Pitching for University of Oklahoma Sooners : LHP Jim Unknown
|
|
Pitching: RHP Jim Unknown
|
|
|
Batting: RHB Alexis Gallegos
|
0-0: Ground out 6-3 (Groundball, 6, EV 90.6 MPH)
|
|
Batting: RHB Hector Esqueda
|
0-0: Ball 1-0: Fly out, F8 (Flyball, 78M, EV 83.1 MPH)
|
|
Batting: RHB Jason Rhodes
|
0-0: Called Strike 0-1: Ball 1-1: SOLO HOME RUN (Flyball, 7D, EV 110.0 MPH), Distance : 411 ft
|
|
Batting: RHB Chris Everett
|
0-0: Called Strike 0-1: Ball 1-1: Foul Ball, location: 2F 1-2: Fly out, F8 (Flyball, 8RD, EV 88.1 MPH)
|
| Bottom of the 8th over - 1 run, 1 hit, 0 errors, 0 left on base; University of Oklahoma 0 - Mississippi State University 4 |
| TOP OF THE 9TH |
|
University of Oklahoma Sooners batting - Pitching for Mississippi State University Bulldogs : LHP Jim Unknown
|
|
Batting: RHB Jim Unknown
|
0-0: Ball 1-0: Swinging Strike 1-1: Swinging Strike 1-2: Fly out, F4 (Popup, 4D, EV 63.8 MPH)
|
|
Batting: LHB Jim Unknown
|
0-0: Called Strike 0-1: Ball 1-1: Foul Ball, location: 2F 1-2: Ball 2-2: Ball 3-2: Foul Ball, location: 2F 3-2: Base on Balls
|
|
Batting: RHB Jim Unknown
|
0-0: Ball 1-0: Ball 2-0: Ball 3-0: Called Strike 3-1: Foul Ball, location: 2F 3-2: Base on Balls Jim Unknown to second
|
|
Batting: RHB Jim Unknown
|
0-0: Called Strike 0-1: Ball 1-1: Swinging Strike 1-2: Fielders Choice at 2nd, 3-6 (Groundball, 34, EV 78.8 MPH) Jim Unknown to third
|
|
Batting: LHB Jim Unknown
|
0-0: Ball 1-0: Ground out 4-3 (Groundball, 4, EV 91.9 MPH)
|
| Top of the 9th over - 0 runs, 0 hits, 0 errors, 2 left on base; University of Oklahoma 0 - Mississippi State University 4 |
|